 Dungeon Crawl Stone Soup version 0.31.0-11-ge490571c62 (webtiles) character file.

Game seed: 11963250844588641780

66136 Doomgape the Bludgeoner (level 15, -5/95 (97) HPs)
             Began as a Gargoyle Fighter on Feb 7, 2024.
             Was the Champion of Okawaru.
             Slain by a necromancer simulacrum (27 damage)
             ... animated by a necromancer
             ... on level 13 of the Dungeon.
             The game lasted 01:09:30 (23112 turns).

Doomgape the Bludgeoner (Gargoyle Fighter)         Turns: 23112, Time: 01:09:31

HP:   -5/95 (97)    AC: 40    Str: 27    XL:     15   Next: 18%
MP:   22/22         EV:  5    Int: 18    God:    Okawaru [******]
Gold: 1144          SH:  6    Dex:  9    Spells: 14/14 levels left

rFire   . . .        a - +1 flail (spect)
rCold   . . .        c - +0 buckler
rNeg    + . .        l - +1 crystal plate armour "Erukhoz" {Rampage rElec}
rPois   ∞            (no helmet)
rElec   +            x - +2 cloak
rCorr   +            (no gloves)
SInv    .            (no boots)
Will    +....        H - amulet of the acrobat Stlth
                     w - ring of Kuqoumo {Fly rCorr Int+9 Stlth-}
HPRegen 0.35/turn    I - +4 ring of protection
MPRegen 0.18/turn

%: acrobat, rampage
@: flying, lightly drained
A: sickness immunity, AC +11, big wings, negative energy resistance 1,
electricity resistance, torment resistance 1, petrification resistance
a: Renounce Religion, Heroism, Finesse, Duel


You were on level 13 of the Dungeon.
You worshipped Okawaru.
Okawaru was exalted by your worship.
You visited 4 branches of the dungeon, and saw 20 of its levels.

You collected 1294 gold pieces.
You spent 150 gold pieces at shops.

Inventory:

Hand Weapons
 a - a +1 spectral flail (weapon)
 r - the +1 eveningstar "Eqoeczi" {flame, *Noise rElec rCorr}
   (Okawaru gifted it to you on level 3 of the Lair of Beasts)

   rElec:     It insulates you from electricity.
   *Noise:    It may make a loud noise when swung.
   rCorr:     It protects you from acid and corrosion.
 B - a +1 morningstar of freezing
Missiles
 h - 7 javelins (quivered)
 n - 10 silver javelins
Armour
 c - a +0 buckler (worn)
 l - the +1 crystal plate armour "Erukhoz" (worn) {Rampage rElec}
   (Okawaru gifted it to you on level 3 of the Lair of Beasts)

   rElec:     It insulates you from electricity.
   Rampage:   It bestows one free step when moving towards enemies.
 x - a +2 cloak (worn)
Jewellery
 w - the ring of Kuqoumo (left hand) {Fly rCorr Int+9 Stlth-}
   (You took it off an orc on level 7 of the Dungeon)

   [ring of resist corrosion]

   Int+9:     It affects your intelligence (+9).
   Fly:       It grants you flight.
   rCorr:     It protects you from acid and corrosion.
   Stlth-:    It makes you less stealthy.
 A - a ring of ice
 H - an amulet of the acrobat (around neck)
 I - a +4 ring of protection (right hand)
 K - a ring of see invisible
Talismans
 M - a serpent talisman
Wands
 i - a wand of iceblast (10)
 t - a wand of flame (34)
 y - a wand of light (4)
 J - a wand of paralysis (3)
Scrolls
 b - 8 scrolls of teleportation
 e - 6 scrolls of amnesia
 f - 3 scrolls of poison
 g - a scroll of identify
 p - 2 scrolls of enchant weapon
 q - 3 scrolls of enchant armour
 s - a scroll of silence
 z - 2 scrolls of torment
 C - 5 scrolls of fog
 D - 2 scrolls of brand weapon
 F - 4 scrolls of immolation
 G - 2 scrolls of revelation
Potions
 d - a potion of haste
 j - 5 potions of invisibility
 k - a potion of heal wounds
 m - 2 potions of berserk rage
 o - 3 potions of curing
 u - a potion of enlightenment
 v - 5 potions of ambrosia
 E - a potion of magic
 O - a potion of experience {unknown}
 P - 2 potions of might


   Skills:
 - Level 12.4 Fighting
 + Level 16.6 Maces & Flails
 - Level 11.0 Armour
 - Level 10.0 Shields
 - Level 10.0 Invocations
 + Level 8.1 Evocations


You had 14 spell levels left.
You didn't know any spells.
Your spell library contained the following spells:

 Spells                   Type           Power      Damage    Failure   Level
 Kiss of Death            Conj/Necr      0%         2d5       100%        1
 Necrotise                Necr           0%         1d4       100%        1
 Blink                    Tloc           0%         N/A       100%        2
 Ensorcelled Hibernation  Hex/Ice        0%         N/A       100%        2
 Lesser Beckoning         Tloc           0%         N/A       100%        2
 Momentum Strike          Conj/Tloc      0%         3d8       100%        2
 Confusing Touch          Hex            0%         N/A       100%        3
 Fugue of the Fallen      Necr           0%         N/A       100%        3
 Gell's Gravitas          Tloc           0%         N/A       100%        3
 Teleport Other           Tloc           0%         N/A       100%        3
 Vampiric Draining        Necr           0%         2d6       100%        3
 Volatile Blastmotes      Fire/Tloc      0%         2d10      100%        3
 Anguish                  Hex/Necr       0%         N/A       100%        4
 Dimensional Bullseye     Hex/Tloc       0%         N/A       100%        4
 Dispel Undead            Necr           0%         3d6       100%        4
 Fulminant Prism          Conj/Alch      0%         3d5       100%        4
 Iskenderun's Mystic Bla  Conj/Tloc      0%         2d3       100%        4
 Leda's Liquefaction      Alch/Erth      0%         N/A       100%        4
 Curse of Agony           Necr           0%         N/A       100%        5
 Lee's Rapid Deconstruct  Erth           0%         3d4*      100%        5
 Bombard                  Conj/Erth      0%         9d1       100%        6
 Dispersal                Tloc           0%         N/A       100%        6
 Orb of Destruction       Conj           0%         9d5       100%        7
 Tukima's Dance           Hex            Unusable   N/A       N/A         3
 Martyr's Knell           Necr/Summ      Unusable   N/A       N/A         4
 Summon Blazeheart Golem  Fire/Summ      Unusable   N/A       N/A         4
 Spellforged Servitor     Conj/Summ      Unusable   N/A       N/A         7

Dungeon Overview and Level Annotations

Branches:
Dungeon (13/15)            Temple (1/1) D:7            Lair (5/5) D:8
 Shoals (0/4) Lair:3        Snake (0/4) Lair:2        Slime (1/5) Lair:5
    Orc (0/2) D:10
 Vaults: D:13-14

Altars:
Ashenzari
Cheibriados
Dithmenos
Elyvilon
Fedhas
Gozag
Hepliaklqana
Kikubaaqudgha
Makhleb
Nemelex Xobeh
Okawaru
Qazlal
Ru
Sif Muna
Trog
Uskayaw
Vehumet
Wu Jian
Xom
Yredelemnul
Zin
The Shining One

Shops:
D:4 [   D:5 [   D:10 (**

Annotations:
D:6 exclusion: statue


Innate Abilities, Weirdness & Mutations

You are immune to sickness and miasma.
Your stone body is resilient. (AC +11)
You are immune to poison.
Your large and strong wings let you fly.
You resist negative energy. (rN+)
You are resistant to electric shocks. (rElec)
You are resistant to unholy torment.
You are immune to petrification.


Message History

Your +1 spectral flail hits the necromancer!
The human hits you but does no damage.
The necromancer simulacrum hits you but does no damage.
Unknown command.
Unknown command.
You barely miss the necromancer.
The necromancer is heavily wounded.
Your +1 spectral flail misses the necromancer.
The necromancer gestures at you while chanting.
The bolt of negative energy hits you! You partially resist.
You feel drained.
* * * LOW HITPOINT WARNING * * *
The human hits you but does no damage.
Unknown command.
You hit the necromancer but do no damage.
The necromancer is heavily wounded.
Your +1 spectral flail hits the necromancer!
The necromancer hits your +1 spectral flail with a +1 dagger of protection.
Your spectral weapon shares its damage with you!
* * * LOW HITPOINT WARNING * * *
The necromancer simulacrum hits you but does no damage.
The human hits you but does no damage.
Unknown command.
Unknown command.
You catch the helpless necromancer completely off-guard!
You hit the necromancer but do no damage.
The necromancer is almost dead.
Your +1 spectral flail completely misses the necromancer.
Unknown command.
Unknown command.
You bludgeon the necromancer!!
You kill the necromancer!
Okawaru accepts your kill. Okawaru grants you throwing weapons!
Something appears at your feet!
A freezing mist starts to gather...
A necromancer simulacrum comes into view.
Your +1 spectral flail disappears.
The necromancer simulacrum hits you.
* * * LOW HITPOINT WARNING * * *
The necromancer simulacrum freezes you!!
You die...

..............####.
........†.....# #.
........).....# #.
########†.....# #.
#(....#......# #.
#[....'......####.
#..⌠..÷...........
#.Z...'.[........#
#@)oZ.#..........#
##+++###pZ'##..........#
#..p..#.p...#........#..
#.....p.....#........#.#
#..⌠..'.!⌠..#....###.#.#
#!..?.'.....#.#... #.#.#
#.[...#...).# .#.. #.#.#
#############. #..##.#.#
....#...#.#.#


You could see 2 humans, an orc warrior, a human simulacrum and 2 necromancer
simulacra.

Vanquished Creatures
  6 hydras
  A merfolk avatar (Lair:5)
  A catoblepas (Lair:3)
  3 death yaks (Lair:3)
  A death knight (D:13)
  2 boulder beetles (D:12)
  4 two-headed ogres
  Urug (D:8)
  5 skysharks
  3 skeletal warriors (D:12)
  A sea snake (Lair:5)
  2 harpies (Lair:5)
  Pikel (D:9)
  2 necromancers (D:13)
  2 ugly things
  A manticore (D:12)
  A salamander (Lair:2)
  2 cyclopes
  Maurice (D:7)
  16 elephants
  2 oklob plants (Lair:5)
  2 torpor snails
  A water nymph (Lair:3)
  Joseph (D:7)
  2 gargoyles
  8 black mambas
  11 cane toads
  Maggie (D:7)
  An unseen horror (D:10)
  5 rime drakes
  2 ice devils (Lair:1)
  A yaktaur (D:13)
  16 komodo dragons
  Psyche (D:9)
  3 trolls
  A merfolk (Lair:3)
  Prince Ribbit (D:8)
  2 burning bushes (Lair:2)
  4 polar bears
  Grinder (D:6)
  5 blink frogs
  A hornet (Lair:5)
  A snapping turtle (Lair:5)
  11 slime creatures (D:12)
  5 wyverns
  2 vampires
  3 wraiths
  Eustachio (D:4)
  37 yaks
  A basilisk (Lair:3)
  12 humans (D:13)
  11 vampire mosquitoes
  Edmund (D:6)
  2 steam dragons
  2 acid dragons
  2 nagas (Lair:2)
  18 water moccasins
  3 orc warriors
  2 ice beasts
  2 black bears
  An ogre (D:6)
  18 wolves
  2 centaurs
  3 lemures (D:9)
  Blork the orc (D:6)
  A kobold brigand (D:6)
  24 bullfrogs
  4 gnoll sergeants
  2 scorpions
  4 wights (D:7)
  4 electric eels (Lair:4)
  6 howler monkeys
  2 hounds (D:5)
  3 jellies
  Crazy Yiuf (D:4)
  A bombardier beetle (D:7)
  6 orc priests
  8 iguanas
  Natasha (thrice) (D:2)
  16 orc wizards
  10 adders
  19 gnolls
  A shadow imp (D:6)
  A white imp (D:6)
  4 dart slugs
  2 ribbon worms
  53 orcs
  12 ball pythons
  6 endoplasms
  9 giant cockroaches
  5 goblins
  7 hobgoblins
  3 jackals (D:2)
  17 kobolds
  4 quokkas
  5 bats
  4 frilled lizards
  A rat (D:1)
517 creatures vanquished.

Vanquished Creatures (others)
  An orc wizard (D:6)
  7 spectral weapons
8 creatures vanquished.

Grand Total: 525 creatures vanquished

Notes
Turn   | Place    | Note
-------+----------+-------------------------------------------
     0 | D:1      | Doomgape the Gargoyle Fighter began the quest for the Orb.
     0 | D:1      | Reached XP level 1. HP: 14/14 MP: 1/1
   177 | D:1      | Reached XP level 2. HP: 19/19 MP: 2/2
   511 | D:1      | Found a faded altar of an unknown god.
   635 | D:1      | Reached XP level 3. HP: 24/24 MP: 3/3
  1068 | D:2      | Reached XP level 4. HP: 29/29 MP: 4/4
  1103 | D:2      | Noticed Natasha
  1110 | D:2      | Killed Natasha
  1111 | D:2      | Reached skill level 3 in Maces & Flails
  1115 | D:2      | Noticed Natasha
  1126 | D:2      | Killed Natasha
  1274 | D:2      | Reached XP level 5. HP: 26/34 MP: 5/5
  1345 | D:2      | Noticed Natasha
  1352 | D:2      | Killed Natasha
  1898 | D:3      | Reached skill level 5 in Fighting
  1898 | D:3      | Reached skill level 5 in Armour
  1898 | D:3      | Reached XP level 6. HP: 40/40 MP: 6/6
  1907 | D:3      | Reached skill level 4 in Maces & Flails
  2073 | D:3      | Found a blossoming altar of Fedhas.
  2673 | D:4      | Reached XP level 7. HP: 44/44 MP: 7/7
  2686 | D:4      | Noticed Eustachio
  2700 | D:4      | Killed Eustachio
  2939 | D:4      | Reached skill level 5 in Maces & Flails
  3171 | D:4      | Noticed an animated storm dragon scales
  3172 | D:4      | Found Ohuog's Armour Shoppe.
  3172 | D:4      | Noticed an animated crystal plate armour
  3180 | D:4      | Reached XP level 8. HP: 47/52 MP: 8/8
  3253 | D:4      | Found a runed translucent door.
  3254 | D:4      | Noticed Crazy Yiuf
  3266 | D:4      | Killed Crazy Yiuf
  3548 | D:5      | Entered Level 5 of the Dungeon
  3575 | D:5      | Found Hoisiqat's Armour Emporium.
  3979 | D:5      | Noticed a wraith
  3981 | D:5      | Killed a wraith
  3982 | D:5      | Reached skill level 6 in Maces & Flails
  3985 | D:5      | Noticed a wraith
  3994 | D:5      | Killed a wraith
  4673 | D:6      | Noticed Edmund
  4690 | D:6      | Killed Edmund
  4691 | D:6      | Reached XP level 9. HP: 47/59 MP: 9/9
  4869 | D:6      | Reached skill level 7 in Maces & Flails
  5086 | D:6      | Noticed Blork the orc
  5097 | D:6      | Killed Blork the orc
  5232 | D:6      | Noticed Grinder
  5243 | D:6      | Killed Grinder
  5474 | D:6      | Found a radiant altar of Vehumet.
  5697 | D:7      | Noticed Maurice
  5705 | D:7      | Maurice stole a +5 ring of evasion
  5712 | D:7      | Maurice stole 4 javelins
  5744 | D:7      | Killed Maurice
  5837 | D:7      | Noticed Maggie
  5847 | D:7      | Killed Maggie
  5848 | D:7      | Reached skill level 8 in Maces & Flails
  5909 | D:7      | Reached XP level 10. HP: 62/66 MP: 10/10
  6102 | D:7      | Identified the ring of Kuqoumo {Fly rCorr Int+9 Stlth-}
  6108 | D:7      | Noticed Joseph
  6124 | D:7      | Paralysed by Joseph for 5 turns
  6140 | D:7      | Killed Joseph
  6311 | D:7      | Found a staircase to the Ecumenical Temple.
  6331 | Temple   | Entered the Ecumenical Temple
  6344 | Temple   | Became a worshipper of Warmaster Okawaru
  6620 | D:8      | Reached skill level 10 in Fighting
  6702 | D:8      | Noticed a two-headed ogre
  6718 | D:8      | Killed a two-headed ogre
  6718 | D:8      | Reached * piety under Okawaru
  6719 | D:8      | Reached skill level 9 in Maces & Flails
  6719 | D:8      | Reached skill level 10 in Armour
  7037 | D:8      | Noticed a two-headed ogre
  7043 | D:8      | Killed a two-headed ogre
  7043 | D:8      | Reached ** piety under Okawaru
  7047 | D:8      | Reached XP level 11. HP: 71/74 MP: 11/11
  7560 | D:8      | Found a staircase to the Lair.
  7636 | D:8      | Noticed Prince Ribbit
  7645 | D:8      | Killed Prince Ribbit
  7918 | D:9      | Reached skill level 10 in Maces & Flails
  8106 | D:9      | Noticed Pikel
  8138 | D:9      | Killed Pikel
  8138 | D:9      | Reached *** piety under Okawaru
  8562 | D:9      | Noticed Psyche
  8571 | D:9      | Killed Psyche
  8675 | D:9      | Found an ornate altar of the Wu Jian Council.
  8796 | D:10     | Entered Level 10 of the Dungeon
  9023 | D:10     | Found Redi's Antique Weapon Shoppe.
  9132 | D:10     | Found a staircase to the Orcish Mines.
  9211 | D:10     | Reached **** piety under Okawaru
  9244 | D:10     | Found Askidyur's General Store.
  9249 | D:10     | Found Waefegh's Specific Store.
  9261 | D:10     | Bought 2 potions of heal wounds for 150 gold pieces
  9343 | D:10     | Noticed a two-headed ogre
  9351 | D:10     | Killed a two-headed ogre
  9352 | D:10     | Reached skill level 11 in Maces & Flails
  9451 | D:10     | Noticed a cyclops
  9456 | D:10     | Killed a cyclops
  9566 | Lair:1   | Entered Level 1 of the Lair of Beasts
  9594 | Lair:1   | Reached skill level 1 in Invocations
  9696 | Lair:1   | Noticed Urug
  9882 | D:8      | Reached ***** piety under Okawaru
 10143 | D:8      | Killed Urug
 10144 | D:8      | Reached skill level 5 in Shields
 10144 | D:8      | Reached XP level 12. HP: 65/82 MP: 14/14
 10282 | Lair:1   | Received a gift from Okawaru
 10373 | Lair:1   | Noticed a four-headed hydra
 10382 | Lair:1   | Killed a four-headed hydra
 10513 | Lair:1   | Reached skill level 12 in Maces & Flails
 10925 | Lair:1   | Reached skill level 5 in Invocations
 11323 | Lair:1   | Received a gift from Okawaru
 12061 | Lair:2   | Reached XP level 13. HP: 62/87 MP: 18/18
 12069 | Lair:2   | Reached skill level 13 in Maces & Flails
 12285 | Lair:2   | You are sucked into a shaft and drop 1 floor!
 12907 | Lair:2   | Found a staircase to the Snake Pit.
 12920 | Lair:2   | Reached ****** piety under Okawaru
 12920 | Lair:2   | Received a gift from Okawaru
 14240 | Lair:3   | Received a gift from Okawaru
 14390 | Lair:3   | Reached skill level 10 in Shields
 14458 | Lair:3   | Acquired the +1 crystal plate armour "Erukhoz" {Rampage
                  | rElec}
 14458 | Lair:3   | Received a gift from Okawaru
 14481 | Lair:3   | Acquired the +1 eveningstar "Eqoeczi" {flame, *Noise rElec
                  | rCorr}
 14481 | Lair:3   | Received a gift from Okawaru
 15063 | Lair:4   | Reached skill level 14 in Maces & Flails
 15308 | Lair:4   | Found a radiant altar of Vehumet.
 15856 | Lair:3   | Received a gift from Okawaru
 15857 | Lair:3   | Reached skill level 10 in Invocations
 15872 | Lair:3   | Reached skill level 1 in Evocations
 16092 | Lair:4   | Gained mutation: Your large and strong wings let you fly.
                  | [Gargoyle growth]
 16092 | Lair:4   | Reached XP level 14. HP: 92/92 MP: 21/21
 16832 | Lair:5   | Entered Level 5 of the Lair of Beasts
 16915 | Lair:5   | Found a staircase to the Slime Pits.
 17317 | Lair:5   | Received a gift from Okawaru
 17348 | Lair:5   | Reached skill level 15 in Maces & Flails
 18002 | Lair:5   | Reached skill level 5 in Evocations
 18528 | Lair:5   | Received a gift from Okawaru
 19352 | Slime:1  | Entered Level 1 of the Pits of Slime
 20744 | D:12     | Received a gift from Okawaru
 20745 | D:12     | Reached skill level 16 in Maces & Flails
 21776 | D:12     | Reached XP level 15. HP: 87/97 MP: 22/22
 21974 | D:12     | Found a shimmering altar of Xom.
 21976 | D:12     | Found a shimmering altar of Xom.
 21977 | D:12     | Found a shimmering altar of Xom.
 21977 | D:12     | Found a shimmering altar of Xom.
 23112 | D:13     | Received a gift from Okawaru
 23112 | D:13     | Slain by a necromancer simulacrum

Illustrated notes

Levels and vault maps discovered:
D:1:      co_arrival_square_in_a_square_in_a_square, layout_loops_cross,
          dilly_ecumenical_altar_fadedgnrine
D:2:      minmay_razor_zed, layout_rooms, hangedman_abyss_or_decor_lesser_grid,
          minmay_crystal_room, uniq_natasha
D:3:      layout_basic, fedhas_altar_2
D:4:      layout_loops_ring, serial_shops, nicolae_shop_mannequins,
          uniq_eustachio, uniq_crazy_yiuf_cottage
D:5:      layout_loops_corners, serial_shops, shop_fountains
D:6:      layout_basic, vehumet_statue, nicolae_titane, uniq_edmund,
          uniq_blork_the_orc, uniq_grinder
D:7:      minmay_general_purpose_star, layout_cave_pools, temple_fountains,
          uniq_joseph, uniq_maurice, uniq_maggie
D:8:      layout_basic, grunt_lair_entry_orc_guard_hut, lemuel_flamethrower_2,
          uniq_prince_ribbit1
D:9:      layout_basic, nzn_wu_jian_contemplation, uniq_pikel, uniq_psyche
D:10:     layout_gridville, orc_david_3, serial_shops, nicolae_square_shop,
          nicolae_specific_store
D:11:     layout_long_grid
D:12:     layout_basic, xom_redecorated
D:13:     layout_basic, grunt_vaults_entry_tiered, lemuel_nasty_fountain
Temple:   hellmonk_temple_of_storms
Lair:1:   layout_chaotic_city, portal_ice_cave_demonic_guard,
          grunt_megastairs_1, uniq_urug
Lair:2:   layout_chaotic_city, alex1729_snake_entry_snake, st_stairs_4,
          minmay_hedge_maze, evilmike_ambush [evilmike_ambush_outer_pillars,
          evilmike_ambush_inner_basic]
Lair:3:   layout_roguey, nicolae_shoals_entry_flooding,
          nicolae_quartered_pool_impasse, grunt_megastairs_2
Lair:4:   layout_roguey, basic_altar, infiniplex_staircase_pool,
          serial_bayou_shore_a, lemuel_fruit_fields, serial_bayou_shore_b
Lair:5:   gammafunk_lair_ancient_temple, layout_layer_cave, slime_entry_1
Slime:1:  layout_caves

Skill      XL: |  1  2  3  4  5  6  7  8  9 10 11 12 13 14 15 |
---------------+----------------------------------------------+-----
Fighting       | 4 5 6 7 9 11 12 | 12.4
Armour         | 4 5 6 7 9 10 11 | 11.0
Maces & Flails | 3 4 5 6 8 9 11 12 14 16 | 16.6
Shields        | 5 8 10 | 10.0
Invocations    | 3 7 10 | 10.0
Evocations     | 1 7 8 |  8.1

Action                     |  1- 3 |  4- 6 |  7- 9 | 10-12 | 13-15 || total
---------------------------+-------+-------+-------+-------+-------++-------
  Melee: Flail             |   127 |   148 |   242 |   571 |   967 ||  2055
         Morningstar       |       |       |       |    38 |       ||    38
 Invoke: Heroism           |       |       |       |       |     1 ||     1
         Receive Weapon    |       |       |       |       |     1 ||     1
         Receive Armour    |       |       |       |       |     1 ||     1
  Evoke: Wand              |       |       |     3 |    14 |    35 ||    52
    Use: Scroll            |       |     6 |     7 |    10 |     7 ||    30
         Potion            |       |       |       |     4 |     6 ||    10
   Stab: Distracted        |       |       |     2 |     3 |     8 ||    13
         Paralysed         |       |       |       |    11 |     5 ||    16
         Petrifying        |       |       |       |       |     2 ||     2
         Petrified         |       |       |       |       |     2 ||     2
 Armour: Scale mail        |   101 |   112 |       |       |       ||   213
         Plate armour      |       |    10 |   202 |   631 |   227 ||  1070
         Crystal plate arm |       |       |       |       |   644 ||   644
  Dodge: Dodged            |    68 |    72 |    53 |   264 |   203 ||   660
  Block: Buckler           |    26 |    31 |    31 |   100 |   201 ||   389
